Map: Dusk Towers

Players

SpaceMarine

  • Race: Protoss Protoss
  • League: Grandmaster

Beastyqt - Winner!

  • Race: Terran Terran
  • League: Master

Event: DreamHack ZOWIE Open Leipzig

VOD

Have the link to the VOD?

Description

Time

  • Played on: Jan. 22, 2016, 8:38 a.m.
  • Length: 13:25

All games in this series

Show
View Real Time Build Order
Export as new Build Order

SpaceMarine Protoss 

Build Orders: 1 Gate Expand, Blink Stalkers, Dark Templar Rush 

Get SALT Encoding   

  12  0:01  Probe (Chrono Boost)  
  13  0:11  Probe (Chrono Boost)  
  14  0:18  Pylon  
  14  0:22  Probe (Chrono Boost)  
  15  0:36  Gateway, Probe (Chrono Boost)  
  15  0:42  Assimilator  
  16  0:46  Probe (Chrono Boost)  
  17  0:57  Probe (Chrono Boost)  
  18  1:08  Probe (Chrono Boost)  
  19  1:18  Nexus  
  19  1:27  Cybernetics Core  
  19  1:31  Probe (Chrono Boost)  
  20  1:38  Assimilator  
  20  1:42  Probe (Chrono Boost)  
  20  1:46  Pylon  
  21  1:52  Probe (Chrono Boost)  
  22  1:57  Warp Gate (Chrono Boost)  
  22  2:03  Probe (Chrono Boost)  
  22  2:04  Adept (Chrono Boost)  
  25  2:14  Probe (Chrono Boost)  
  26  2:20  Robotics Facility  
  26  2:27  Probe (Chrono Boost)  
  27  2:31  Probe (Chrono Boost)  
  28  2:37  Probe (Chrono Boost)  
  28  2:42  Probe (Chrono Boost), Twilight Council  
  30  2:48  Probe (Chrono Boost)  
  31  2:52  Probe (Chrono Boost)  
  31  2:58  Probe (Chrono Boost)  
  34  3:06  Warp Prism (Chrono Boost)  
  35  3:13  Gateway  
  35  3:14  Gateway  
  35  3:20  Dark Shrine  
  35  3:25  Assimilator  
  35  3:26  Probe (Chrono Boost)  
  36  3:30  Mothership Core (Chrono Boost)  
  38  3:38  Observer  
  38  3:40  Probe (Chrono Boost)  
  40  3:42  Pylon  
  40  3:49  Probe (Chrono Boost)  
  40  3:50  Probe (Chrono Boost)  
  42  3:57  Blink (Chrono Boost)  
  42  4:00  Probe (Chrono Boost)  
  42  4:01  Probe (Chrono Boost)  
  44  4:08  Adept x2, Assimilator  
  48  4:10  Probe (Chrono Boost), Adept  
  48  4:15  Pylon  
  48  4:16  Probe (Chrono Boost)  
  52  4:21  Probe (Chrono Boost)  
  52  4:31  Probe x2 (Chrono Boost)  
  52  4:37  Sentry  
  55  4:42  Probe x2 (Chrono Boost)  
  55  4:45  Nexus  
  57  4:46  Pylon  
  58  4:53  Probe (Chrono Boost)  
  58  4:59  Probe (Chrono Boost)  
  59  5:03  Probe (Chrono Boost)  
  60  5:08  Immortal (Chrono Boost)  
  60  5:10  Stalker x2  
  68  5:17  Probe  
  68  5:18  Probe  
  65  5:30  Stalker  
  65  5:31  Probe  
  65  5:33  Pylon  
  65  5:34  Stalker  
  70  5:44  Probe x2  
  70  5:49  Immortal  
  64  5:56  Probe x3  
  71  6:05  Stalker x2  
  71  6:08  Resonating Glaives (Chrono Boost), Probe  
  71  6:10  Adept  
  78  6:14  Probe  
  78  6:15  Probe  
  78  6:18  Pylon  
  80  6:20  Probe  
  80  6:24  Forge  
  80  6:25  Probe  
  81  6:26  Forge  
  81  6:27  Probe  
  83  6:35  Immortal  
  83  6:36  Probe  
  83  6:37  Probe  
  89  6:40  Probe  
  89  6:44  Assimilator  
  89  6:46  Probe  
  90  6:47  Pylon  
  90  6:48  Assimilator  
  90  6:49  Probe  
  90  6:52  Probe  
  93  6:54  Adept x2  
  93  6:57  Protoss Ground Armor Level 1 (Chrono Boost)  
  93  6:58  Probe, Protoss Ground Weapons Level 1 (Chrono Boost)  
  93  7:01  Gateway  
  98  7:09  Gateway  
  98  7:10  Gateway  
  98  7:17  Pylon  
  98  7:19  Stalker x2  
  98  7:21  Stargate  
  91  7:38  Stalker  
  91  7:43  Stalker x2  
  95  7:50  Probe x3  
  98  7:58  Stalker  
  98  8:00  Stalker  
  98  8:05  Stalker x4  
  106  8:19  Templar Archives  
  106  8:22  Adept  
  106  8:26  Adept x2  
  92  8:27  Protoss Ground Armor Level 2 (Chrono Boost)  
  92  8:31  Mothership Core, Protoss Ground Weapons Level 2 (Chrono Boost)  
  90  8:35  Stalker x3  
  90  8:38  Probe  
  90  8:39  Probe  
  98  8:42  Fleet Beacon  
  98  8:43  Psionic Storm  
  98  8:45  Sentry, Adept  
  102  8:51  Probe  
  103  8:56  High Templar  
  103  9:00  Nexus  
  103  9:01  High Templar  
  103  9:02  Probe x2, Pylon  
  109  9:08  Pylon  
  109  9:10  Probe  
  109  9:14  Probe  
  109  9:15  Adept x2  
  114  9:25  Dark Templar x2  
  114  9:29  Zealot  
  112  9:49  Probe x2  
  112  9:50  Probe  
  115  10:01  Stalker x3, Probe x2  
  115  10:02  Stalker  
  125  10:08  Adept x2  
  125  10:11  Tempest (Chrono Boost)  
  125  10:12  Probe  
  125  10:13  Probe  
  125  10:14  Probe, Photon Cannon  
  136  10:16  Probe  
  137  10:24  Probe  
  137  10:25  Probe  
  137  10:26  Probe  
  133  10:32  Protoss Ground Weapons Level 3  
  133  10:33  Probe  
  133  10:34  Pylon  
  133  10:36  Probe  
  133  10:38  Probe  
  133  10:40  Pylon  
  133  10:41  Zealot  
  133  10:42  Zealot  
  139  10:43  Charge (Chrono Boost)  
  139  10:47  Protoss Ground Armor Level 3  
  139  10:50  Tempest (Chrono Boost)  
  139  10:52  Assimilator  
  139  10:54  Probe  
  139  10:55  Probe x2  
  146  10:57  Assimilator  
  146  11:00  High Templar  
  148  11:04  Zealot x4  
  148  11:08  Pylon  
  156  11:15  Pylon  
  156  11:16  Pylon  
  156  11:26  Probe x3, Immortal  
  156  11:27  Tempest  
  167  11:41  Zealot x6  
  176  12:03  Gateway  
  176  12:04  Tempest  
  176  12:05  Gateway  
  176  12:07  Pylon  
  176  12:08  Gateway  
  174  12:11  Pylon  
  174  12:14  Photon Cannon  
  174  12:15  Photon Cannon, Robotics Facility  
  178  12:17  Photon Cannon  
  178  12:18  Zealot, Pylon  
  130  12:37  Zealot x5  
  94  12:58  Zealot x3  
  94  12:59  Zealot x3  
  94  13:02  Observer (Chrono Boost)  
  95  13:10  Probe x3  
  95  13:11  Nexus  
  95  13:12  Stalker, Pylon  
  90  13:15  Pylon  
Show
View Real Time Build Order
Export as new Build Order

Beastyqt Terran - Winner!

Build Orders: Liberator Opening, MMM Bio 

Get SALT Encoding   

  12  0:01  SCV  
  13  0:13  SCV  
  14  0:17  Supply Depot  
  14  0:25  SCV  
  15  0:38  SCV, Barracks  
  16  0:44  Refinery  
  16  0:50  SCV  
  17  1:03  SCV  
  18  1:15  SCV  
  19  1:27  Orbital Command  
  19  1:28  Barracks Reactor  
  19  1:41  Command Center  
  19  1:51  Supply Depot  
  19  1:52  SCV  
  20  2:04  Marine x2  
  20  2:05  SCV  
  23  2:13  Factory  
  23  2:17  SCV  
  23  2:22  Marine x2  
  26  2:29  SCV  
  27  2:36  Refinery  
  27  2:39  Marine  
  27  2:40  Marine  
  27  2:41  SCV  
  30  2:44  Supply Depot  
  30  2:53  SCV  
  30  2:54  Orbital Command  
  31  3:05  SCV, Starport  
  31  3:08  Factory Tech Lab  
  31  3:11  Marine  
  33  3:12  Marine  
  33  3:18  SCV  
  35  3:22  SCV  
  35  3:30  SCV, Cyclone  
  40  3:34  SCV, Marine x2, Liberator  
  42  3:42  SCV  
  42  3:43  Engineering Bay  
  42  3:46  SCV  
  44  3:54  SCV  
  48  3:58  Supply Depot  
  48  4:00  SCV  
  48  4:01  Marine  
  50  4:04  Marine  
  50  4:06  SCV  
  52  4:12  SCV, Missile Turret  
  53  4:17  Missile Turret  
  53  4:18  SCV, Liberator  
  53  4:22  Marine x2  
  56  4:24  SCV  
  56  4:30  SCV  
  56  4:36  SCV  
  60  4:40  Supply Depot x2  
  60  4:42  SCV  
  61  4:52  SCV  
  61  4:57  SCV  
  61  5:05  Marine x2  
  61  5:06  SCV  
  61  5:07  Command Center  
  64  5:10  Factory Tech Lab  
  64  5:14  SCV  
  64  5:18  SCV  
  64  5:20  Starport Reactor  
  66  5:22  Barracks  
  66  5:26  SCV, Barracks  
  67  5:31  SCV  
  67  5:33  Terran Infantry Weapons Level 1, Refinery  
  67  5:34  Refinery  
  68  5:35  Factory Reactor  
  68  5:38  SCV  
  68  5:40  Marine x2  
  68  5:41  Liberator  
  71  5:43  SCV  
  71  5:46  Liberator  
  69  5:50  SCV  
  69  5:55  Barracks  
  69  5:56  Barracks  
  70  6:00  Supply Depot, SCV  
  70  6:01  Missile Turret  
  77  6:05  SCV  
  78  6:14  Stimpack  
  79  6:18  SCV, Marine  
  79  6:20  Orbital Command  
  80  6:26  Factory Tech Lab, Combat Shields, Marine x2  
  80  6:28  Marine  
  80  6:29  Missile Turret  
  80  6:31  SCV  
  84  6:35  SCV  
  84  6:38  Marine  
  86  6:42  Orbital Command  
  86  6:44  Marine, Medivac  
  86  6:46  SCV, Medivac  
  93  6:48  Orbital Command  
  92  6:54  Missile Turret  
  92  6:57  SCV  
  92  7:01  Supply Depot x2, Marine x3  
  93  7:02  Marine  
  93  7:04  Factory Reactor  
  93  7:07  SCV  
  98  7:13  SCV x2  
  100  7:18  Concussive Shells  
  100  7:19  Marine  
  100  7:22  Marauder, Medivac x2  
  107  7:24  Supply Depot  
  107  7:26  Supply Depot  
  107  7:27  SCV  
  107  7:28  Terran Infantry Armor Level 1  
  108  7:30  SCV  
  108  7:31  Supply Depot  
  108  7:33  SCV  
  107  7:39  SCV  
  107  7:40  Refinery x2  
  107  7:42  SCV  
  107  7:43  Supply Depot  
  107  7:44  Barracks x2  
  109  7:45  Barracks  
  109  7:47  SCV  
  109  7:50  Starport  
  110  7:51  SCV  
  110  7:53  Marauder  
  110  7:54  SCV, Marine, Marauder  
  117  8:00  SCV  
  117  8:01  Sensor Tower  
  117  8:02  Sensor Tower  
  117  8:04  Marauder, Marine  
  121  8:06  SCV  
  119  8:13  Marine  
  119  8:14  Medivac x2  
  119  8:15  Marauder  
  119  8:16  SCV x2  
  113  8:28  Marauder x2  
  113  8:32  SCV  
  113  8:35  Command Center  
  113  8:37  Fusion Core  
  113  8:40  Armory, Engineering Bay  
  113  8:42  Missile Turret  
  113  8:44  Liberator x2  
  113  8:46  Missile Turret  
  113  8:48  Missile Turret  
  113  8:49  Barracks Tech Lab x2  
  113  8:50  Starport Tech Lab  
  119  9:06  Marine  
  119  9:07  Marauder x2  
  119  9:08  Marine  
  119  9:09  Marine x2, Marauder x2  
  131  9:10  Ghost Academy, Liberator  
  131  9:17  Barracks Tech Lab  
  131  9:28  Marauder, Marine  
  137  9:39  Marine x3  
  137  9:40  Ghost x2  
  137  9:41  Ghost x2  
  144  9:45  Ghost  
  144  9:46  Marine  
  144  9:48  SCV  
  144  9:49  Marine  
  149  9:57  Marine x3  
  149  9:58  Advanced Ballistics  
  152  10:04  Marine  
  152  10:05  Missile Turret  
  152  10:06  Refinery  
  153  10:07  Missile Turret, Marine  
  153  10:08  Terran Infantry Weapons Level 2  
  153  10:09  Refinery, Marine x2  
  156  10:14  Terran Infantry Armor Level 2  
  156  10:18  Marine x2  
  156  10:19  Marine x2  
  160  10:27  Liberator x2  
  160  10:28  Marine x2  
  159  10:32  Marine  
  159  10:33  Orbital Command  
  154  10:44  Personal Cloaking  
  154  10:45  Marine x3  
  154  10:46  Marine  
  154  10:49  Marine  
  157  10:50  Marine  
  157  10:51  Liberator  
  157  10:55  Supply Depot  
  159  11:02  Supply Depot  
  159  11:03  Supply Depot  
  159  11:04  Supply Depot  
  159  11:08  Marine x2  
  159  11:10  Liberator  
  164  11:17  Supply Depot, Marine x2  
  166  11:22  Marauder x2  
  166  11:24  Supply Depot  
  170  11:26  Missile Turret  
  171  11:43  Marauder x2, Marine x2  
  171  11:46  Marine  
  182  11:47  Marauder x2  
  182  11:51  Command Center  
  182  11:54  Marine  
  182  11:55  Marauder x2  
  182  12:00  Marine  
  186  12:04  Marauder, Marine x3  
  186  12:08  Marine  
  190  12:33  Command Center  
  190  12:34  Marine, Marauder x2  
  190  12:37  Banshee, Medivac  
  179  12:38  Marauder x2, Marine  
  179  12:41  Marine x2  
  179  12:42  Marine  
  179  12:43  Marine  
  180  12:52  Marine  
  180  12:55  Marine x2  
  180  12:56  Marine  
  181  12:58  Marine  
  181  12:59  Marine x3  
  181  13:00  Marine x2  

Tags
 
Add a new tag
Caveats
  • Supply blocks, unpowered buildings, or Contaminate may cause inaccurate times.
  • Supply counts are checked every 10 seconds.